 Dungeon Crawl Stone Soup version 0.22-a0-596-gfbd32a6 (webtiles) character file.

144486 Azzok the Earth Mage (level 17, -5/92 HPs)
             Began as a Gargoyle Earth Elementalist on July 4, 2018.
             Was a High Priest of Vehumet.
             Slain by a harpy (11 damage)
             ... on level 3 of the Shoals on July 5, 2018.
             The game lasted 01:42:34 (47466 turns).

Azzok the Earth Mage (Gargoyle Earth Elementalist) Turns: 47466, Time: 01:42:35

Health: -5/92      AC: 23    Str: 12    XL:     17   Next: 40%
Magic:  31/34      EV: 12    Int: 28    God:    Vehumet [*****.]
Gold:   1911       SH: 11    Dex: 10    Spells: 21/43 levels left

rFire    . . .     SeeInvis +   a - +1 whip of Veuron {freeze, MR+ SInv}
rCold    + . .     Gourm    .   X - +0 buckler
rNeg     + + .     Faith    .   (no armour)
rPois    ∞         Spirit   .   N - +1 helmet {Int+3}
rElec    +         Reflect  +   K - +1 cloak
rCorr    .         Harm     .   V - +1 pair of gloves
MR       ++...                  R - +2 pair of boots
Stlth    +++.......             F - +6 amulet of reflection
HPRegen  0.25/turn              v - ring of positive energy
MPRegen  0.24/turn              n - ring of Efeg {rC+ Stlth+}

@: flying, very slightly contaminated
A: big wings, clever 1, frail 1, negative energy resistance 1, electricity
resistance, unbreathing, petrification resistance, rot immunity, AC +12
a: Stop Flying, Renounce Religion


You were on level 3 of the Shoals.
You worshipped Vehumet.
Vehumet was extremely pleased with you.
You were not hungry.

You visited 6 branches of the dungeon, and saw 30 of its levels.
You also visited: Ossuary.

You collected 2499 gold pieces.
You spent 588 gold pieces at shops.

Inventory:

Hand Weapons
 a - the +1 whip of Veuron (weapon) {freeze, MR+ SInv}
   (You found it on level 4 of the Lair of Beasts)

   It has been specially enchanted to freeze those struck by it, causing extra
   injury to most foes and up to half again as much damage against particularly
   susceptible opponents.
   It can also slow down cold-blooded creatures.
   It affects your resistance to hostile enchantments.
   It lets you see invisible.
 b - a +2 rapier of electrocution
Missiles
 s - 563 stones (quivered)
Armour
 i - a +2 pair of boots
 K - a +1 cloak (worn)
 N - a +1 helmet of intelligence (worn)
 R - a +2 pair of boots (worn)
 V - a +1 pair of gloves (worn)
 X - a +0 buckler (worn)
Magical Staves
 D - an uncursed staff of wizardry
Jewellery
 c - an uncursed ring of protection from fire
 n - the ring of Efeg (right hand) {rC+ Stlth+}
   (You found it on level 3 of the Snake Pit)

   [ring of stealth]

   It protects you from cold.
   It makes you more stealthy.
 v - a ring of positive energy (left hand)
 F - a +6 amulet of reflection (around neck)
 L - an uncursed ring of ice
Wands
 C - a wand of digging (29)
 J - a wand of acid (13)
 U - a wand of clouds (6)
Scrolls
 e - a scroll of immolation
 g - 2 scrolls of torment
 h - 10 scrolls of remove curse
 k - 9 scrolls of enchant armour
 p - 3 scrolls of magic mapping
 q - 4 scrolls of fog
 t - 6 scrolls of enchant weapon
 w - 6 scrolls of teleportation
 x - 6 scrolls of amnesia
 y - 2 scrolls of brand weapon
 z - 2 scrolls of silence
 O - 3 scrolls of identify
 Y - 2 scrolls of holy word
Potions
 f - a potion of berserk rage {unknown}
 j - 3 potions of lignification {unknown}
 l - 8 potions of haste
 m - 15 potions of curing {unknown}
 o - 3 potions of invisibility {unknown}
 r - 2 potions of degeneration {unknown}
 u - 4 potions of mutation {unknown}
 A - 4 potions of heal wounds
 B - 4 potions of brilliance {unknown}
 E - 4 potions of ambrosia {unknown}
 G - 3 potions of resistance {unknown}
 M - a potion of cancellation {unknown}
 Q - 3 potions of agility
 Z - a potion of might {unknown}
Comestibles
 d - 19 rations
 P - 4 chunks of flesh


   Skills:
 - Level 10.6 Fighting
 - Level 10.2 Armour
 - Level 1.5 Dodging
 - Level 2.1 Stealth
 - Level 5.0 Shields
 + Level 13.6 Spellcasting
 + Level 17.0 Conjurations
   Level 0.7 Transmutations
 + Level 18.8 Earth Magic


You had 21 spell levels left.
You knew the following spells:

 Your Spells              Type           Power        Failure   Level  Hunger
a - Sandblast             Erth           ######       0%          1    None
b - Stone Arrow           Conj/Erth      ######       0%          3    None
c - Iron Shot             Conj/Erth      #######...   1%          6    ####...
d - Orb of Destruction    Conj           #######...   1%          7    ######.
e - Lee's Rapid Deconstr  Erth           #######...   1%          5    #......

Your spell library contained the following spells:

 Spells                   Type           Power        Failure   Level  Hunger
 Lightning Bolt           Conj/Air       ######....   1%          5    #......
 Bolt of Magma            Conj/Fire/Erth ######....   1%          5    #......
 Confuse                  Hex            ###.....     9%          3    None
 Venom Bolt               Conj/Pois      ######....   1%          5    #......
 Summon Small Mammal      Summ           ###.         2%          1    None
 Summon Ice Beast         Ice/Summ       ###.....     28%         4    None
 Call Imp                 Summ           ###.....     4%          2    None
 Sublimation of Blood     Necr           ###.......   4%          2    None
 Tukima's Dance           Hex            ###.....     9%          3    None
 Shock                    Conj/Air       ####         1%          1    None
 Swiftness                Chrm/Air       ###.....     4%          2    None
 Airstrike                Air            ###.......   8%          4    None
 Confusing Touch          Hex            ###...       2%          1    None
 Passwall                 Tmut/Erth      ######..     1%          2    None
 Ignite Poison            Fire/Tmut/Pois ###.....     2%          3    None
 Call Canine Familiar     Summ           ###.....     9%          3    None
 Ensorcelled Hibernation  Hex/Ice        ###...       4%          2    None
 Metabolic Englaciation   Hex/Ice        ###.......   61%         5    #......
 Summon Butterflies       Summ           ###.....     2%          1    None
 Static Discharge         Conj/Air       ######..     1%          3    None
 Corona                   Hex            ###....      2%          1    None
 Alistair's Intoxication  Tmut/Pois      ###.....     54%         5    #......
 Petrify                  Tmut/Erth      ######..     1%          4    None
 Summon Hydra             Summ           ###.......   100%        7    ######.
 Iskenderun's Battlesphe  Conj/Chrm      ######..     1%          5    #......
 Dazzling Spray           Conj/Hex       ######       1%          3    None
 Summon Lightning Spire   Summ/Air       ###.....     28%         4    None
 Summon Guardian Golem    Hex/Summ       ###.....     9%          3    None
 Spellforged Servitor     Conj/Summ      ######....   17%         7    ######.
 Summon Mana Viper        Hex/Summ       ###.....     61%         5    #......
 Irradiate                Conj/Tmut      ######....   1%          5    #......
 Gell's Gravitas          Tloc           ###.......   9%          3    None
 Yara's Violent Unravell  Hex/Tmut       ###.......   17%         5    #......


Dungeon Overview and Level Annotations

Branches:
Dungeon (15/15)            Temple (1/1) D:6            Lair (6/6) D:10
 Shoals (3/4) Lair:3        Snake (3/4) Lair:2        Slime (0/5) Lair:5
    Orc (2/2) D:12            Elf (0/3) Orc:2        Vaults (0/5) D:14
 Depths (0/5) D:15

Altars:
Cheibriados
Dithmenos
Elyvilon
Gozag
Kikubaaqudgha
Makhleb
Nemelex Xobeh
Ru
Vehumet
Yredelemnul
The Shining One
Beogh
Jiyva

Shops:
D:10 (   Orc:1 =   Orc:2 *=([

Portals:
Trove: D:12 (give +7 demon whip)

Annotations:
D:8 2 transporters, YrmMerkstave's ghost, novice MfTm
D:14 3 runed doors, TheNamelessOne's ghost, journeyman HOFi
Lair:1 1 runed door, HAL9000's ghost, novice VSAs
Lair:5 1 runed door
Snake:2 Asterion
Snake:3 Vashnia


Innate Abilities, Weirdness & Mutations

You are resistant to torment.
Your stone body is resilient. (AC +12)
You are immune to poison.
Your large and strong wings let you fly indefinitely.
You resist negative energy. (rN+)
You are resistant to electric shocks. (rElec)
You can survive without breathing.
You are immune to petrification.
You are immune to rotting.
Your mind is acute. (Int +2)
You are frail. (-10% HP)


Message History

The blast of sand hits the harpy.
The harpy is almost dead.
s - 564 stones The harpy claws you!
* * * LOW HITPOINT WARNING * * *
You block the harpy's attack. The harpy claws you.
* * * LOW HITPOINT WARNING * * *
You block the harpy's attack.
Casting: Sandblast (safe; 0% risk of failure)
Confirm with . or Enter, or press ? or * to list all spells.
Aiming: Sandblast (safe; 0% risk of failure)
Press: ? - help, Shift-Dir - straight line, f/p - harpy
Aim: a harpy (severely wounded)
The blast of sand hits the harpy.
You kill the harpy!
Vehumet accepts your kill.
You feel your power returning.
s - 563 stones You block the harpy's attack. x2; The harpy claws you!
You die...

······≈≈≈······P
·····≈≈P≈≈··≈·PP
··P··≈≈≈≈≈···▒ ··
······≈≈≈≈···▒▒▒··
▒▒▒···≈<≈··P·P···
▒············>P≈≈
▒····▒▒▒·)··≈≈P≈≈≈ ·····
▒▒▒H·≈≈≈≈≈≈ ▒··· ▒@··≈≈≈≈≈
▒··· ▒▒▒▒▒▒H··≈≈≈≈≈ ▒▒▒▒▒··▒
▒·····≈≈≈≈≈≈≈≈ ▒····<·▒
▒···)≈≈≈≈≈≈≈≈≈≈
▒▒··≈···▒▒▒···≈≈≈≈≈≈≈≈≈≈≈≈
····≈····▒··≈≈≈≈t≈≈≈≈≈≈≈≈≈≈
···≈≈··÷≈·≈≈≈≈≈≈≈≈≈≈≈≈≈≈≈≈≈
·[·≈≈···≈≈≈≈≈≈≈≈≈≈≈≈≈≈≈≈≈≈≈≈
········≈≈≈≈≈≈≈≈≈≈≈≈≈≈≈≈≈≈≈≈≈


You could see a snapping turtle and 2 harpies.

Vanquished Creatures
  Rupert (Lair:5)
  Kirke (D:13)
  A fire giant (D:15)
  3 nagarajas (Snake:2)
  An orc warlord (Orc:2)
  Azrael (D:12)
  A merfolk javelineer (Shoals:2)
  An ogre mage (D:15)
  3 merfolk impalers
  Erolcha (Orc:1)
  3 catoblepae (Lair:6)
  4 hydras
  3 merfolk aquamancers
  2 anacondas (Snake:2)
  5 naga warriors (Snake:2)
  14 death yaks
  2 merfolk avatars
  3 centaur warriors
  A satyr (Shoals:2)
  9 two-headed ogres
  5 orc high priests (Orc:2)
  Urug (D:11)
  3 shock serpents (Snake:1)
  A tengu warrior (D:14)
  7 naga sharpshooters
  Nergalle (D:11)
  5 sea snakes
  2 unseen horrors
  2 naga ritualists (Snake:2)
  A deep elf archer (D:14)
  10 harpies
  A necromancer (D:14)
  5 orc knights (Orc:2)
  An oklob plant (Lair:4)
  2 orc sorcerers (Orc:2)
  4 deep elf magi
  4 mana vipers
  8 fauns
  15 ugly things
  A cyclops (Orc:2)
  5 manticores
  A salamander (Snake:1)
  2 merfolk sirens (Shoals:1)
  Maurice (D:12)
  3 elephants (Lair:5)
  3 guardian serpents
  6 naga magi
  Joseph (D:7)
  2 water nymphs
  24 black mambas
  Psyche (D:10)
  2 gargoyles (D:13)
  8 spiny frogs
  A kobold demonologist (D:11)
  2 rime drakes
  An efreet (D:15)
  A freezing wraith (D:15)
  4 komodo dragons
  A tengu conjurer (D:14)
  A hornet (D:10)
  7 trolls
  Grinder (D:4)
  16 merfolk
  A polar bear (Lair:4)
  A meliai (shapeshifter) (D:13)
  A wind drake (Shoals:1)
  2 snapping turtles
  17 blink frogs
  10 hippogriffs
  4 slime creatures (D:14)
  2 dream sheep (D:9)
  9 water elementals
  3 wraiths
  2 vampires (D:13)
  3 wyverns
  Sigmund (D:4)
  A shadow (D:15)
  A spriggan (shapeshifter) (D:13)
  47 yaks
  4 fire elementals (D:12)
  4 basilisks
  4 vampire mosquitoes
  2 hogs (D:13)
  2 hungry ghosts
  3 wargs
  Edmund (D:5)
  14 nagas
  Menkaure (D:7)
  3 hell hounds (D:12)
  11 water moccasins
  An acid dragon (D:15)
  A soldier ant (D:11)
  9 porcupines
  31 orc warriors
  4 sky beasts
  Duvessa (D:5)
  3 ice beasts
  An eye of draining (D:13)
  4 slaves
  A black bear (D:8)
  A necrophage (D:11)
  17 ogres
  9 centaurs
  4 wolves (Lair:2)
  17 crocodiles
  6 big kobolds
  2 elf zombies (Ossuary)
  16 bullfrogs
  A gnoll sergeant (D:7)
  2 water moccasin zombies
  7 scorpions
  A wyvern skeleton (D:14)
  Dowan (D:5)
  10 killer bees
  8 wights
  A howler monkey (D:9)
  6 crimson imps
  4 centaur zombies
  A lava snake (D:14)
  3 quasits
  2 bullfrog skeletons
  6 hounds
  8 orc priests
  2 centaur skeletons
  A human zombie (Ossuary)
  4 jellies
  16 orc wizards
  Crazy Yiuf (D:4)
  Ijyb (D:5)
  3 iguanas
  9 worker ants
  2 big kobold zombies (Ossuary)
  A hound zombie (D:10)
  2 mummies (Ossuary)
  A worker ant zombie (D:9)
  A howler monkey zombie (D:10)
  Robin (D:2)
  10 gnolls
  7 adders
  3 shadow imps
  An ooze (D:1)
  2 adder skeletons
  3 worms
  5 leopard geckos
  59 orcs
  2 giant cockroaches
  3 gnoll zombies
  15 goblins
  12 hobgoblins
  7 jackals
  16 kobolds
  8 quokkas
  A ball python (D:6)
  4 bats
  5 frilled lizards
  4 goblin zombies (Ossuary)
  A hobgoblin zombie (Ossuary)
  A leopard gecko skeleton (D:8)
  2 orc zombies (Ossuary)
  5 rats
  A fungus (Lair:6)
798 creatures vanquished.

Vanquished Creatures (others)
  A naga sharpshooter (Snake:2)
  A faun (Shoals:1)
  A human (D:13)
  2 centaurs
  A hound (D:13)
  2 orcs
  A kobold (D:13)
  35 fungi
  25 plants
69 creatures vanquished.

Grand Total: 867 creatures vanquished

Notes
Turn   | Place    | Note
-------+----------+-------------------------------------------
     0 | D:1      | Azzok the Gargoyle Earth Elementalist began the quest for the Orb.
     0 | D:1      | Reached XP level 1. HP: 10/10 MP: 3/3
    78 | D:1      | Reached skill level 4 in Earth Magic
   229 | D:1      | Reached XP level 2. HP: 15/15 MP: 3/5
   841 | D:2      | Reached XP level 3. HP: 18/19 MP: 6/6
   846 | D:2      | Learned a level 3 spell: Stone Arrow
   955 | D:2      | Reached skill level 5 in Earth Magic
  1448 | D:3      | Noticed Robin
  1548 | D:3      | Reached skill level 1 in Conjurations
  1766 | D:2      | Killed Robin
  2042 | D:3      | Reached XP level 4. HP: 21/24 MP: 7/7
  3021 | D:4      | Reached XP level 5. HP: 20/28 MP: 8/8
  3144 | D:4      | Reached skill level 6 in Earth Magic
  3192 | D:4      | Noticed Grinder
  3458 | D:4      | Found a runed door.
  3638 | D:4      | Noticed Sigmund
  3677 | D:4      | Killed Sigmund
  3677 | D:4      | Reached XP level 6. HP: 11/32 MP: 7/9
  4001 | D:4      | Noticed Crazy Yiuf
  4004 | D:4      | Killed Crazy Yiuf
  4004 | D:4      | Reached skill level 7 in Earth Magic
  4107 | D:5      | Entered Level 5 of the Dungeon
  4254 | D:5      | Noticed Duvessa
  4271 | D:5      | Noticed Dowan
  4274 | D:5      | Noticed a hungry ghost
  4281 | D:5      | Noticed Pikel
  4281 | D:5      | Noticed a slave
  4494 | D:5      | Noticed a slave
  4494 | D:5      | Noticed a slave
  4568 | D:4      | Killed a hungry ghost
  4568 | D:4      | Reached skill level 5 in Conjurations
  4568 | D:4      | Reached XP level 7. HP: 18/36 MP: 4/10
  4834 | D:4      | Killed Grinder
  4834 | D:4      | Reached skill level 8 in Earth Magic
  5072 | D:5      | Reached XP level 8. HP: 41/41 MP: 0/11
  5285 | D:5      | Killed Dowan
  5309 | D:5      | Reached skill level 9 in Earth Magic
  5401 | D:5      | Killed Duvessa
  5664 | D:5      | Noticed Edmund
  5786 | D:5      | Killed Edmund
  6219 | D:5      | Found a basalt altar of Yredelemnul.
  6409 | D:5      | Noticed Ijyb
  6415 | D:5      | Killed Ijyb
  6654 | D:6      | Found a staircase to the Ecumenical Temple.
  6668 | Temple   | Entered the Ecumenical Temple
  6685 | Temple   | Became a worshipper of Vehumet
  6821 | D:6      | Reached skill level 10 in Earth Magic
  6989 | D:6      | Learned a level 5 spell: Lee's Rapid Deconstruction
  7000 | D:6      | Reached skill level 1 in Fighting
  7128 | D:6      | Reached XP level 9. HP: 47/47 MP: 2/12
  8221 | D:7      | Noticed Joseph
  8559 | D:7      | Reached * piety under Vehumet
  8559 | D:7      | Offered knowledge of Freeze by Vehumet.
  8878 | D:7      | Killed Joseph
  9576 | D:7      | Noticed Menkaure
  9584 | D:7      | Killed Menkaure
  9584 | D:7      | Reached skill level 11 in Earth Magic
  9753 | D:8      | Noticed a two-headed ogre
  9759 | D:8      | Killed a two-headed ogre
  9759 | D:8      | Reached skill level 5 in Fighting
  9759 | D:8      | Reached XP level 10. HP: 59/59 MP: 10/17
  9862 | D:8      | Found a sand-covered staircase.
  9868 | Ossuary  | Entered an ossuary
  9880 | Ossuary  | Reached ** piety under Vehumet
  9883 | Ossuary  | Offered knowledge of Magic Dart by Vehumet.
 10274 | D:8      | Noticed a two-headed ogre
 10275 | D:8      | Noticed YrmMerkstave's ghost (novice MfTm)
 10279 | D:8      | Found a transporter.
 10475 | D:8      | Found a transporter.
 10625 | D:8      | Found an ancient bone altar of Kikubaaqudgha.
 10658 | D:8      | Reached skill level 5 in Spellcasting
 10870 | D:8      | Found a shadowy altar of Dithmenos.
 11249 | D:9      | Offered knowledge of Inner Flame by Vehumet.
 11404 | D:9      | Found a burning altar of Makhleb.
 11551 | D:9      | Reached *** piety under Vehumet
 11594 | D:9      | Found a glowing golden altar of the Shining One.
 11821 | D:9      | Found a sparkling altar of Nemelex Xobeh.
 11937 | D:9      | Reached skill level 10 in Conjurations
 12028 | D:9      | Noticed a two-headed hydra
 12037 | D:9      | Killed a two-headed hydra
 12037 | D:9      | Reached skill level 12 in Earth Magic
 12217 | D:10     | Entered Level 10 of the Dungeon
 12457 | D:10     | Noticed Psyche
 12460 | D:10     | Killed Psyche
 12460 | D:10     | Reached XP level 11. HP: 66/66 MP: 10/20
 12550 | D:10     | Offered knowledge of Olgreb's Toxic Radiance by Vehumet.
 12596 | D:10     | Noticed a two-headed ogre
 12615 | D:10     | Killed a two-headed ogre
 12722 | D:10     | Found Haocleas's Antique Weapon Emporium.
 12725 | D:10     | Noticed a death yak
 12727 | D:10     | Noticed a death yak
 12799 | D:10     | Noticed a death yak
 12799 | D:10     | Noticed a death yak
 12799 | D:10     | Noticed a death yak
 12799 | D:10     | Noticed a death yak
 12799 | D:10     | Noticed a death yak
 13067 | D:10     | Found a staircase to the Lair.
 13084 | Lair:1   | Entered Level 1 of the Lair of Beasts
 13487 | Lair:1   | Noticed an eight-headed hydra
 13495 | Lair:1   | Killed an eight-headed hydra
 14171 | Lair:1   | Reached **** piety under Vehumet
 14443 | Lair:1   | Found a runed door.
 14446 | Lair:1   | Noticed HAL9000's ghost (novice VSAs)
 14447 | Lair:1   | Noticed a spriggan rider
 14596 | Lair:2   | Found a staircase to the Snake Pit.
 14768 | Lair:2   | Reached skill level 13 in Earth Magic
 14928 | Lair:2   | Offered knowledge of Fulminant Prism by Vehumet.
 15190 | Lair:2   | Reached XP level 12. HP: 59/75 MP: 9/23
 15572 | Lair:2   | Reached skill level 1 in Shields
 16952 | Lair:3   | Learned a level 6 spell: Iron Shot
 16960 | Lair:3   | Learned a level 7 spell: Orb of Destruction
 17067 | Lair:3   | Found a staircase to the Shoals.
 17877 | Lair:4   | Reached skill level 14 in Earth Magic
 18166 | Lair:4   | Reached ***** piety under Vehumet
 18265 | Lair:4   | Got a fine whip
 18383 | Lair:4   | Identified the +1 whip of Veuron {freeze, MR+ SInv} (You found it on level 4 of the Lair of Beasts)
 19144 | Lair:5   | Reached skill level 10 in Fighting
 19144 | Lair:5   | Reached XP level 13. HP: 75/82 MP: 16/25
 19383 | Lair:5   | Offered knowledge of Conjure Ball Lightning by Vehumet.
 19808 | Lair:5   | Reached skill level 5 in Shields
 19900 | Lair:5   | Noticed Rupert
 20026 | Lair:5   | Found a runed door.
 20089 | Lair:5   | Found a viscous altar of Jiyva.
 20091 | Lair:5   | Found a staircase to the Slime Pits.
 20432 | Lair:5   | Killed Rupert
 20517 | Lair:6   | Entered Level 6 of the Lair of Beasts
 20890 | Lair:6   | HP: 2/83 [spiny frog (6)]
 20910 | Lair:6   | HP: 2/83 [water moccasin (5)]
 21506 | Lair:6   | Reached skill level 1 in Armour
 22633 | Lair:6   | Reached skill level 15 in Earth Magic
 23144 | Lair:6   | Gained mutation: Your large and strong wings let you fly indefinitely. [Gargoyle growth]
 23144 | Lair:6   | Reached XP level 14. HP: 88/88 MP: 6/27
 23155 | Lair:6   | Reached skill level 10 in Spellcasting
 23353 | Lair:6   | Offered knowledge of Freezing Cloud by Vehumet.
 24397 | D:9      | Reached skill level 5 in Armour
 25600 | D:11     | Noticed Urug
 25640 | D:11     | Killed Urug
 26529 | D:11     | Noticed Nergalle
 26533 | D:11     | Killed Nergalle
 26968 | D:12     | Found a staircase to the Orcish Mines.
 27351 | D:12     | Noticed Maurice
 27353 | D:12     | Killed Maurice
 27410 | D:12     | Found a portal to a secret trove of treasure.
 28125 | D:12     | Noticed Azrael
 28133 | D:12     | Killed Azrael
 28244 | D:12     | Reached skill level 16 in Earth Magic
 29001 | D:13     | Offered knowledge of Bolt of Fire by Vehumet.
 29209 | D:13     | Noticed Kirke
 29215 | D:13     | Killed Kirke
 29224 | D:13     | Reached XP level 15. HP: 84/93 MP: 2/30
 30019 | D:13     | Got a slimy chain mail
 30020 | D:13     | Identified the +4 chain mail of the Princess {rC++ Regen+ Str-5 Int+2} (You found it on level 13 of the Dungeon)
 31877 | D:14     | Found a runed gate.
 31878 | D:14     | Found an opulent altar of Gozag.
 31879 | D:14     | Found a runed gate.
 31879 | D:14     | Found a runed gate.
 31879 | D:14     | Noticed TheNamelessOne's ghost (journeyman HOFi)
 31977 | D:14     | Found a gate to the Vaults.
 32092 | D:15     | Entered Level 15 of the Dungeon
 32429 | D:15     | Reached skill level 15 in Conjurations
 32712 | D:15     | Noticed a fire giant
 32719 | D:15     | Killed a fire giant
 32752 | D:15     | Found a staircase to the Depths.
 33702 | Orc:1    | Entered Level 1 of the Orcish Mines
 33842 | Orc:1    | Noticed Erolcha
 33867 | Orc:1    | Killed Erolcha
 34097 | Orc:1    | Found Madousm's Jewellery Shop.
 34690 | Orc:1    | Found a roughly hewn altar of Beogh.
 35001 | Orc:1    | Upgraded the game from 0.22-a0-587-g7d32d7c to 0.22-a0-596-gfbd32a6
 35002 | Orc:2    | Entered Level 2 of the Orcish Mines
 35002 | Orc:2    | Noticed an orc warlord
 35602 | Orc:2    | Reached skill level 17 in Earth Magic
 36381 | Orc:2    | Killed an orc warlord
 36624 | Orc:2    | Reached XP level 16. HP: 99/99 MP: 16/32
 36721 | Orc:2    | Found Vebbas's General Store.
 36925 | Orc:2    | Bought a scroll of identify for 30 gold pieces
 36925 | Orc:2    | Bought a scroll of identify for 30 gold pieces
 36950 | Orc:2    | Found Xiumnuext's Antique Weapon Boutique.
 36996 | Orc:2    | Found a staircase to the Elven Halls.
 37122 | Orc:2    | Found Qilieth's Jewellery Emporium.
 37265 | Orc:2    | Found Gilai's Antique Armour Boutique.
 37273 | Orc:2    | Bought a pitted ring mail for 288 gold pieces
 37273 | Orc:2    | Bought a pair of embroidered boots for 240 gold pieces
 37284 | Orc:2    | Identified the +5 ring mail "Zigin" {Int+3} (You bought it in a shop on level 2 of the Orcish Mines)
 37522 | Snake:1  | Entered Level 1 of the Snake Pit
 38063 | Snake:1  | Reached skill level 10 in Armour
 40400 | Snake:2  | Noticed a nagaraja
 40400 | Snake:2  | Noticed a nagaraja
 40400 | Snake:2  | Noticed a nagaraja
 41237 | Snake:2  | Killed a nagaraja
 41239 | Snake:2  | Killed a nagaraja
 41365 | Snake:2  | Killed a nagaraja
 41365 | Snake:2  | Reached skill level 18 in Earth Magic
 41559 | Snake:3  | Noticed Asterion
 41619 | Snake:2  | Gained mutation: Your mind is acute. (Int +2) [a cacodemon]
 41632 | Snake:2  | Gained mutation: You are frail. (-10% HP) [a cacodemon]
 41934 | Snake:3  | Got a wavering amber ring
 41935 | Snake:3  | Identified the ring of Efeg {rC+ Stlth+} (You found it on level 3 of the Snake Pit)
 42117 | Snake:3  | Noticed Vashnia
 42838 | Shoals:1 | Entered Level 1 of the Shoals
 43030 | Shoals:1 | Offered knowledge of Fireball by Vehumet.
 44264 | Shoals:1 | Reached XP level 17. HP: 92/92 MP: 19/34
 47466 | Shoals:3 | Slain by a harpy

Vault maps used:
D:1:      minmay_arrival_arboretum_small, minmay_splitting_lines,
          grunt_decor_arrowhead
D:3:      st_stairs_14, uniq_robin
D:4:      first_ration, corexii_checkpoint_b, uniq_crazy_yiuf_cottage,
          uniq_grinder, uniq_sigmund
D:5:      lemuel_zombie_altar_yredelemnul, minmay_misc_feat_secret_circle,
          uniq_pikel, uniq_edmund, uniq_ijyb, uniq_duvessa
D:6:      minmay_temple_entry_trees
D:7:      uniq_menkaure, uniq_joseph
D:8:      grunt_temple_overflow_open, nicolae_ossuary_entry_plus,
          gammafunk_ghost_arena
D:9:      tso_metal_star, lemuel_doored_altar, kennysheep_mini, hangedman_ranch,
          evilmike_minifort
D:10:     dpeg_lair_monsters, serial_shops, nicolae_shop_window_shopping,
          uniq_psyche
D:11:     uniq_urug, uniq_nergalle
D:12:     minmay_diamond_stairs, orc_0_dummy, nicolae_trove_entry_columns,
          uniq_maurice, uniq_azrael
D:13:     uniq_kirke
D:14:     david_vaults_1, minmay_hedge_maze, ebering_ghost_gozag,
          minmay_door_square
D:15:     grunt_enter_depths_giant_problem, glass_columns_c,
          nrook_guardian_serpent_double
Temple:   kb_temple_of_zot
Lair:1:   ebering_ghost_funeral_grove
Lair:2:   guppyfry_snake_entry_garden, infiniplex_staircase_pool_2
Lair:3:   elwin_shoals_entry_rocks
Lair:5:   wad_woods_pond, slime_altar_2, minmay_stone_trees_small, uniq_rupert
Lair:6:   evilmike_catoblepas_cave, grunt_megastairs_4
Shoals:2: cheibrodos_shoals_oceanic_diplomacy
Shoals:3: argonaut_gorgonesque
Snake:2:  nicolae_cobra_stairs
Snake:3:  uniq_roxanne, uniq_asterion, uniq_aizul, uniq_vashnia
Orc:1:    serial_shops, shop_fountains, basic_altar, uniq_erolcha
Orc:2:    grunt_orc_gardens, grunt_orc_garden, grunt_orc_garden,
          grunt_orc_garden, grunt_orc_garden
Ossuary:  minmay_ossuary_gauntlet

Skill      XL: |  1  2  3  4  5  6  7  8  9 10 11 12 13 14 15 16 17 |
---------------+----------------------------------------------------+-----
Earth Magic    | 4 5 6 7 8 10 11 12 13 14 15 16 17 18 | 18.8
Conjurations   | 1 2 4 5 6 8 9 10 11 12 13 14 15 16 17 | 17.0
Fighting       | 1 5 6 8 10 | 10.6
Spellcasting   | 4 6 7 8 9 11 12 13 | 13.6
Shields        | 4 5 |  5.0
Armour         | 3 7 9 10 | 10.2
Dodging        | |  1.5
Stealth        | |  2.1
Transmutations | |  0.7

Action                   |  1- 3 |  4- 6 |  7- 9 | 10-12 | 13-15 | 16-18 || total
-------------------------+-------+-------+-------+-------+-------+-------++-------
Melee: Dagger            |    49 |       |       |       |       |       ||    49
       Whip              |    41 |   114 |       |       |    12 |     4 ||   171
       Quarterstaff      |       |    21 |    60 |       |       |       ||    81
       War axe           |       |       |     3 |   136 |       |       ||   139
       Rapier            |       |       |       |    71 |   112 |    26 ||   209
 Cast: Sandblast         |    16 |    12 |    26 |    39 |    87 |    76 ||   256
       Stone Arrow       |       |     4 |   106 |   293 |   449 |   173 ||  1025
       Lee's Rapid Decon |       |       |       |     4 |    12 |     4 ||    20
       Iron Shot         |       |       |       |     2 |   164 |   170 ||   336
       Orb of Destructio |       |       |       |     1 |    37 |    15 ||    53
 Abil: Fly               |       |       |       |       |       |     1 ||     1
  Use: Scroll            |       |       |       |    12 |    11 |    15 ||    38
       Potion            |       |       |       |       |       |     2 ||     2
 Stab: Sleeping          |     4 |     3 |       |     2 |       |       ||     9
       Paralysed         |       |       |     1 |       |       |       ||     1
  Eat: Chunk             |     4 |     8 |    21 |    19 |    79 |    30 ||   161
       Ration            |       |     1 |     2 |     4 |    12 |    13 ||    32
Armor: Robe              |    28 |    75 |    45 |   144 |   102 |   196 ||   590
       Troll leather arm |       |       |       |       |    90 |       ||    90
       Skin              |       |       |       |       |       |    32 ||    32
Dodge: Dodged            |    70 |   111 |    55 |   181 |   142 |   149 ||   708
Block: Other             |       |       |    11 |    85 |    79 |       ||   175
       Reflection        |       |       |     2 |     3 |     6 |    40 ||    51
       Buckler           |       |       |       |       |    17 |   224 ||   241

Table legend:
 A = Spawn XP
 B = Non-spawn XP
 C = Spawn XP percentage of total XP
 D = Spawn monster count
 E = Non-spawn monster count
 F = Spawn count percentage of total count
 G = Total turns spent on level
                    A         B        C        D         E        F      G
               +---------+---------+-------+---------+---------+-------+---------
         Total |       0 |  206409 |   0.0 |       0 |     797 |   0.0 | 47466
               +---------+---------+-------+---------+---------+-------+---------
           D:1 |       0 |      24 |   0.0 |       0 |      11 |   0.0 |   765
           D:2 |       0 |      60 |   0.0 |       0 |      24 |   0.0 |  1357
           D:3 |       0 |      39 |   0.0 |       0 |      20 |   0.0 |   610
           D:4 |       0 |     879 |   0.0 |       0 |      12 |   0.0 |  2269
           D:5 |       0 |     982 |   0.0 |       0 |      19 |   0.0 |  1625
           D:6 |       0 |     949 |   0.0 |       0 |      25 |   0.0 |  1479
           D:7 |       0 |    1497 |   0.0 |       0 |      29 |   0.0 |  1606
           D:8 |       0 |    1601 |   0.0 |       0 |      19 |   0.0 |  1146
           D:9 |       0 |    8342 |   0.0 |       0 |      38 |   0.0 |  1972
          D:10 |       0 |    4469 |   0.0 |       0 |      25 |   0.0 |   864
          D:11 |       0 |    6743 |   0.0 |       0 |      45 |   0.0 |  1597
          D:12 |       0 |    8085 |   0.0 |       0 |      42 |   0.0 |  1858
          D:13 |       0 |    8796 |   0.0 |       0 |      27 |   0.0 |  2001
          D:14 |       0 |   13537 |   0.0 |       0 |      41 |   0.0 |  1408
          D:15 |       0 |   10928 |   0.0 |       0 |      24 |   0.0 |  1542
        Lair:1 |       0 |    3003 |   0.0 |       0 |      15 |   0.0 |  1599
        Lair:2 |       0 |   10963 |   0.0 |       0 |      53 |   0.0 |  2183
        Lair:3 |       0 |    5592 |   0.0 |       0 |      25 |   0.0 |  2043
        Lair:4 |       0 |    2095 |   0.0 |       0 |      10 |   0.0 |  1200
        Lair:5 |       0 |    7789 |   0.0 |       0 |      18 |   0.0 |  1821
        Lair:6 |       0 |   19595 |   0.0 |       0 |      45 |   0.0 |  3352
      Shoals:1 |       0 |   15778 |   0.0 |       0 |      31 |   0.0 |  1851
      Shoals:2 |       0 |   16329 |   0.0 |       0 |      31 |   0.0 |  1990
      Shoals:3 |       0 |    2359 |   0.0 |       0 |       6 |   0.0 |   163
       Snake:1 |       0 |   12685 |   0.0 |       0 |      28 |   0.0 |  2788
       Snake:2 |       0 |   22026 |   0.0 |       0 |      32 |   0.0 |  1957
       Snake:3 |       0 |    3460 |   0.0 |       0 |       5 |   0.0 |   307
         Orc:1 |       0 |    3112 |   0.0 |       0 |      35 |   0.0 |  1956
         Orc:2 |       0 |   14328 |   0.0 |       0 |      46 |   0.0 |  1768
       Ossuary |       0 |     364 |   0.0 |       0 |      16 |   0.0 |   367
               +---------+---------+-------+---------+---------+-------+---------
